[ AOE2 MATCH · #506306971 ]
UnrankedItalians vs Shu
Player's team · LOSS
Rival team · WIN
[ REPLAY ANALYSIS · EXTRACTED FROM THE RECORDED GAME ]
Feudal
15:50
Castle
19:20
Imperial
—
| APM avg | 51.2 |
| APM peak | 105 |
| eAPM avg | 24.9 |
| Villagers / military | 108 / 65 |
Focus
⚔️ 33.0% · 🌾 67.0%
Knight ×32 · Mangonel ×17 · Militia ×7 · Monk ×6 · Battering Ram ×2 · Scorpion ×1
Feudal
10:43
Castle
16:58
Imperial
—
| APM avg | 44.1 |
| APM peak | 74 |
| eAPM avg | 22.3 |
| Villagers / military | 99 / 48 |
Focus
⚔️ 43.4% · 🌾 56.6%
Archer ×40 · Unknown (1959) ×13 · Unknown (1944) ×5 · Monk ×4 · Mangonel ×4
Match map
Initial resources + every placement click. Lines = walls · curves = elevation contours. ◆ gold · ⬟ stone · ● berries · ✦ relic · ◌ wall gap
Your base· ✓ Closed at 19:20 · 36t walls · no gate
DoN.Vergas's base· Open — opponent sealed themselves in
Smoothed initial terrain · ◌ = detected wall gap · hover for details
Inputs per minute
— eduv - - DoN.Vergas
Build order — eduv
First 150 of 280 actions detected
| 0:01 | Create | Villager (Male) |
| 0:02 | Create | Villager (Male) |
| 0:02 | Build | House |
| 0:04 | Build | House |
| 0:22 | Create | Villager (Male) |
| 0:23 | Create | Villager (Male) |
| 0:23 | Create | Villager (Male) |
| 1:39 | Create | Villager (Male) |
| 1:39 | Create | Villager (Male) |
| 1:58 | Create | Villager (Male) |
| 1:58 | Create | Villager (Male) |
| 2:17 | Create | Villager (Male) |
| 2:17 | Create | Villager (Male) |
| 2:34 | Create | Villager (Male) |
| 2:58 | Build | Barracks |
| 3:02 | Create | Villager (Male) |
| 3:03 | Create | Villager (Male) |
| 3:18 | Build | House |
| 3:37 | Create | Villager (Male) |
| 3:37 | Create | Villager (Male) |
| 3:53 | Create | Villager (Male) |
| 3:53 | Create | Villager (Male) |
| 3:57 | Build | House |
| 4:29 | Create | Villager (Male) |
| 5:04 | Create | Villager (Male) |
| 5:05 | Create | Villager (Male) |
| 5:20 | Create | Militia |
| 5:20 | Create | Militia |
| 5:58 | Build | House |
| 6:06 | Build | House |
| 6:14 | Create | Villager (Male) |
| 6:15 | Create | Villager (Male) |
| 6:15 | Create | Villager (Male) |
| 6:21 | Create | Villager (Male) |
| 6:21 | Create | Villager (Male) |
| 6:53 | Create | Militia |
| 6:53 | Create | Militia |
| 6:53 | Create | Villager (Male) |
| 7:20 | Build | Lumber Camp |
| 7:29 | Create | Villager (Male) |
| 7:33 | Build | House |
| 7:42 | Create | Militia |
| 7:43 | Create | Villager (Male) |
| 7:43 | Create | Villager (Male) |
| 8:33 | Build | Mill |
| 8:37 | Create | Militia |
| 8:37 | Create | Militia |
| 8:40 | Create | Villager (Male) |
| 8:40 | Create | Villager (Male) |
| 8:40 | Create | Villager (Male) |
| 8:48 | Build | House |
| 9:23 | Create | Villager (Male) |
| 9:23 | Create | Villager (Male) |
| 9:33 | Build | Mill |
| 9:40 | Create | Villager (Male) |
| 9:57 | Build | Mining Camp |
| 9:58 | Create | Villager (Male) |
| 9:58 | Create | Villager (Male) |
| 9:58 | Create | Villager (Male) |
| 9:59 | Create | Villager (Male) |
| 10:11 | Build | House |
| 10:25 | Create | Villager (Male) |
| 10:25 | Create | Villager (Male) |
| 10:41 | Build | Palisade Wall |
| 10:50 | Build | Palisade Wall |
| 10:53 | Create | Villager (Male) |
| 10:54 | Create | Villager (Male) |
| 10:59 | Build | Palisade Wall |
| 11:06 | Build | Palisade Wall |
| 11:07 | Build | Palisade Wall |
| 11:12 | Create | Villager (Male) |
| 11:12 | Create | Villager (Male) |
| 11:12 | Create | Villager (Male) |
| 11:16 | Build | Farm |
| 11:32 | Create | Villager (Male) |
| 11:32 | Create | Villager (Male) |
| 11:46 | Create | Villager (Male) |
| 11:46 | Create | Villager (Male) |
| 12:02 | Create | Villager (Male) |
| 12:03 | Create | Villager (Male) |
| 12:16 | Create | Villager (Male) |
| 12:16 | Create | Villager (Male) |
| 12:26 | Build | Farm |
| 12:29 | Build | Farm |
| 12:31 | Build | Farm |
| 12:54 | Research | Loom |
| 12:54 | Research | Feudal Age |
| 13:18 | Build | Palisade Wall |
| 13:23 | Build | Palisade Wall |
| 13:27 | Build | House |
| 13:43 | Build | Farm |
| 13:44 | Build | Farm |
| 13:53 | Build | Farm |
| 14:06 | Build | Farm |
| 14:28 | Build | Farm |
| 15:33 | Create | Villager (Male) |
| 15:33 | Create | Villager (Male) |
| 15:50 | Age | Feudal Age |
| 15:56 | Build | Market |
| 16:06 | Build | Blacksmith |
| 16:36 | Research | Castle Age |
| 16:36 | Research | Castle Age |
| 18:07 | Build | Lumber Camp |
| 18:52 | Create | Villager (Male) |
| 19:05 | Build | Stable |
| 19:08 | Research | Scale Barding Armor |
| 19:08 | Research | Scale Barding Armor |
| 19:15 | Create | Villager (Male) |
| 19:20 | Age | Castle Age |
| 19:38 | Build | Town Center |
| 20:08 | Build | Siege Workshop |
| 20:13 | Create | Villager (Male) |
| 20:13 | Create | Villager (Male) |
| 20:21 | Build | House |
| 20:36 | Create | Villager (Male) |
| 20:36 | Create | Villager (Male) |
| 20:41 | Research | Bloodlines |
| 20:41 | Research | Bloodlines |
| 20:51 | Create | Mangonel |
| 20:51 | Create | Mangonel |
| 20:52 | Create | Villager (Male) |
| 20:53 | Create | Villager (Male) |
| 21:00 | Research | Double-Bit Axe |
| 21:08 | Research | Horse Collar |
| 21:08 | Research | Horse Collar |
| 21:15 | Create | Knight |
| 21:33 | Create | Villager (Male) |
| 21:37 | Research | Bow Saw |
| 21:40 | Build | Farm |
| 21:41 | Build | Farm |
| 21:41 | Build | Farm |
| 21:57 | Create | Knight |
| 22:03 | Build | Farm |
| 22:06 | Build | Farm |
| 22:08 | Build | Farm |
| 22:25 | Create | Mangonel |
| 22:39 | Create | Knight |
| 22:39 | Create | Knight |
| 22:55 | Create | Villager (Male) |
| 23:02 | Build | House |
| 23:04 | Build | House |
| 23:05 | Build | House |
| 23:22 | Create | Villager (Male) |
| 23:22 | Create | Villager (Male) |
| 23:25 | Create | Villager (Male) |
| 23:25 | Create | Villager (Male) |
| 23:25 | Create | Villager (Male) |
| 23:30 | Build | Farm |
| 23:30 | Build | Farm |
| 23:30 | Build | Farm |
Build order — DoN.Vergas
First 150 of 294 actions detected
| 0:01 | Create | Villager (Male) |
| 0:02 | Create | Villager (Male) |
| 0:02 | Create | Villager (Male) |
| 0:03 | Build | House |
| 0:05 | Build | House |
| 0:20 | Create | Villager (Male) |
| 0:20 | Create | Villager (Male) |
| 1:37 | Create | Villager (Male) |
| 1:37 | Create | Villager (Male) |
| 1:51 | Create | Villager (Male) |
| 1:51 | Create | Villager (Male) |
| 2:09 | Create | Villager (Male) |
| 2:10 | Create | Villager (Male) |
| 2:18 | Build | Lumber Camp |
| 2:22 | Create | Villager (Male) |
| 2:55 | Create | Villager (Male) |
| 3:00 | Build | House |
| 3:15 | Create | Villager (Male) |
| 3:15 | Create | Villager (Male) |
| 3:43 | Create | Villager (Male) |
| 4:03 | Create | Villager (Male) |
| 4:20 | Build | Mill |
| 4:32 | Create | Villager (Male) |
| 4:51 | Create | Villager (Male) |
| 5:58 | Research | Loom |
| 6:25 | Create | Villager (Male) |
| 6:37 | Create | Villager (Male) |
| 6:38 | Create | Villager (Male) |
| 6:40 | Build | House |
| 7:41 | Create | Villager (Male) |
| 7:57 | Build | Mining Camp |
| 8:08 | Create | Villager (Male) |
| 8:29 | Research | Feudal Age |
| 9:30 | Build | Palisade Wall |
| 9:36 | Build | Palisade Wall |
| 9:39 | Build | Palisade Wall |
| 9:51 | Build | Barracks |
| 9:55 | Build | House |
| 9:59 | Create | Villager (Male) |
| 10:24 | Build | House |
| 10:43 | Age | Feudal Age |
| 10:51 | Build | Archery Range |
| 10:55 | Build | Farm |
| 10:55 | Build | Farm |
| 11:02 | Create | Villager (Male) |
| 11:05 | Build | House |
| 11:42 | Create | Archer |
| 11:42 | Create | Villager (Male) |
| 11:45 | Build | Farm |
| 11:46 | Build | Farm |
| 12:10 | Build | Farm |
| 12:13 | Create | Villager (Male) |
| 12:25 | Build | Palisade Wall |
| 12:27 | Build | House |
| 12:31 | Build | Palisade Wall |
| 12:41 | Build | Blacksmith |
| 12:47 | Build | Palisade Wall |
| 12:51 | Create | Villager (Male) |
| 13:00 | Build | Palisade Wall |
| 13:31 | Build | Watch Tower |
| 13:39 | Build | Farm |
| 13:42 | Build | Farm |
| 13:53 | Create | Villager (Male) |
| 14:12 | Build | Farm |
| 14:15 | Research | Castle Age |
| 14:16 | Research | Castle Age |
| 14:54 | Research | Double-Bit Axe |
| 14:54 | Research | Double-Bit Axe |
| 14:57 | Create | Archer |
| 15:05 | Build | House |
| 15:07 | Build | House |
| 15:19 | Create | Archer |
| 15:25 | Research | Fletching |
| 15:25 | Research | Fletching |
| 15:36 | Build | House |
| 15:43 | Build | Palisade Wall |
| 15:51 | Build | Palisade Wall |
| 15:58 | Create | Archer |
| 16:00 | Create | Villager (Male) |
| 16:08 | Create | Archer |
| 16:21 | Build | Palisade Wall |
| 16:36 | Create | Archer |
| 16:58 | Age | Castle Age |
| 17:04 | Research | Bodkin Arrow |
| 17:15 | Build | Archery Range |
| 17:31 | Research | Crossbowman (upgrade) |
| 17:31 | Research | Crossbowman (upgrade) |
| 17:39 | Build | Farm |
| 17:46 | Create | Villager (Male) |
| 17:46 | Create | Villager (Male) |
| 17:59 | Create | Archer |
| 18:05 | Build | House |
| 18:07 | Build | House |
| 18:15 | Create | Archer |
| 18:16 | Create | Archer |
| 18:17 | Create | Villager (Male) |
| 18:25 | Build | Farm |
| 18:30 | Create | Archer |
| 18:30 | Create | Archer |
| 18:53 | Create | Archer |
| 18:53 | Create | Archer |
| 18:53 | Create | Villager (Male) |
| 18:54 | Create | Villager (Male) |
| 19:13 | Create | Archer |
| 19:19 | Create | Villager (Male) |
| 19:28 | Create | Villager (Male) |
| 19:30 | Build | Market |
| 19:54 | Create | Villager (Male) |
| 20:01 | Create | Archer |
| 20:01 | Create | Archer |
| 20:07 | Research | Padded Archer Armor |
| 20:16 | Create | Archer |
| 20:16 | Create | Archer |
| 20:38 | Research | Horse Collar |
| 20:45 | Create | Villager (Male) |
| 21:04 | Create | Villager (Male) |
| 21:09 | Build | Town Center |
| 21:39 | Create | Villager (Male) |
| 21:40 | Create | Villager (Male) |
| 21:53 | Build | Farm |
| 21:54 | Build | Farm |
| 21:56 | Build | Siege Workshop |
| 22:27 | Research | Leather Archer Armor |
| 22:27 | Research | Leather Archer Armor |
| 22:45 | Create | Villager (Male) |
| 22:54 | Create | Archer |
| 22:54 | Create | Archer |
| 23:06 | Create | Villager (Male) |
| 23:06 | Create | Villager (Male) |
| 23:07 | Build | Farm |
| 23:08 | Build | Farm |
| 23:09 | Build | Farm |
| 23:10 | Build | Farm |
| 23:16 | Build | Monastery |
| 23:24 | Create | Villager (Male) |
| 23:40 | Create | Mangonel |
| 23:41 | Build | House |
| 23:53 | Create | Villager (Male) |
| 24:14 | Research | Bow Saw |
| 24:15 | Research | Bow Saw |
| 24:19 | Build | House |
| 24:45 | Create | Villager (Male) |
| 24:46 | Create | Villager (Male) |
| 24:46 | Create | Archer |
| 24:46 | Create | Archer |
| 24:47 | Create | Archer |
| 24:49 | Create | Monk |
| 24:50 | Create | Monk |
| 24:51 | Build | Farm |
| 24:59 | Build | Town Center |
Match timeline
| 2:58 | eduv · first_building Barracks |
| 9:30 | DoN.Vergas · wall_segment Palisade Wall x1 |
| 9:36 | DoN.Vergas · wall_segment Palisade Wall x2 |
| 9:39 | DoN.Vergas · wall_segment Palisade Wall x1 |
| 9:51 | DoN.Vergas · first_building Barracks |
| 10:41 | eduv · wall_segment Palisade Wall x1 |
| 10:43 | DoN.Vergas · age_up feudal |
| 10:50 | eduv · wall_segment Palisade Wall x9 |
| 10:51 | DoN.Vergas · first_building Archery Range |
| 10:59 | eduv · wall_segment Palisade Wall x11 |
| 11:06 | eduv · wall_segment Palisade Wall x7 |
| 11:07 | eduv · wall_segment Palisade Wall x5 |
| 12:25 | DoN.Vergas · wall_segment Palisade Wall x1 |
| 12:31 | DoN.Vergas · wall_segment Palisade Wall x2 |
| 12:47 | DoN.Vergas · wall_segment Palisade Wall x1 |
| 13:00 | DoN.Vergas · wall_segment Palisade Wall x1 |
| 13:18 | eduv · wall_segment Palisade Wall x1 |
| 13:23 | eduv · wall_segment Palisade Wall x3 |
| 15:43 | DoN.Vergas · wall_segment Palisade Wall x4 |
| 15:50 | eduv · age_up feudal |
| 15:51 | DoN.Vergas · wall_segment Palisade Wall x1 |
| 16:21 | DoN.Vergas · wall_segment Palisade Wall x1 |
| 16:58 | DoN.Vergas · age_up castle |
| 19:05 | eduv · first_building Stable |
| 19:20 | eduv · age_up castle |
| 19:33 | eduv · first_market_buy 100 wood |
| 20:08 | eduv · first_building Siege Workshop |
| 20:43 | DoN.Vergas · first_market_buy 100 stone |
| 21:56 | DoN.Vergas · first_building Siege Workshop |
| 23:16 | DoN.Vergas · first_building Monastery |
| 28:13 | DoN.Vergas · first_building Stable |
| 29:03 | eduv · first_building Monastery |
| 29:30 | DoN.Vergas · first_market_sell 100 wood |
| 31:52 | eduv · first_market_sell 100 food |
| 32:13 | DoN.Vergas · first_building Castle |
| 38:53 | eduv · resign |
[ AI ANALYSIS · 1 CREDIT ]
What really happened in this match?
Wolo.gg analyzes every decision: build order, eco, micro, common mistakes by bracket. Personalized analysis on WhatsApp or Discord in 30 seconds.
Civ guide
Italians
Perfil
Jugador #631884